 Dungeon Crawl Stone Soup version 0.27.0-1-g7a089689b8 (webtiles) character file.

Game seed: 15898901316268358357

270 Crownlay the Cleaver (level 6, -3/51 HPs)
             Began as a Hill Orc Fighter on Aug 16, 2021.
             Succumbed to a scorpion's poison
             ... on level 4 of the Dungeon.
             The game lasted 00:03:19 (3439 turns).

Crownlay the Cleaver (Hill Orc Fighter)             Turns: 3439, Time: 00:03:20

Health: -3/51      AC:  9    Str: 21    XL:     6   Next: 22%
Magic:  6/6        EV:  9    Int:  8    God:
Gold:   192        SH:  0    Dex: 10    Spells: 5/5 levels left

rFire    . . .     SeeInvis .   a - +0 war axe
rCold    . . .     Faith    .   (no shield)
rNeg     . . .     Spirit   .   b - +0 scale mail
rPois    .         Reflect  .   (no helmet)
rElec    .         Harm     .   p - +0 cloak
rCorr    .         Rampage  .   (no gloves)
Will     .....                  n - +0 pair of boots
Stlth    ..........             (no amulet)
HPRegen  0.17/turn              (no ring)
MPRegen  0.10/turn              (no ring)

@: lethally poisoned (-3 -> -17)
A: no striking features
a: no special abilities


You were on level 4 of the Dungeon.
You visited 1 branch of the dungeon, and saw 4 of its levels.

You collected 192 gold pieces.

Inventory:

Hand Weapons
 a - a +0 war axe (weapon)
Missiles
 m - a throwing net (quivered)
Armour
 b - a +0 scale mail (worn)
 c - a +0 kite shield
 n - a +0 pair of boots (worn)
 p - a +0 cloak (worn)
Jewellery
 k - a +6 ring of dexterity
Scrolls
 f - 2 scrolls of teleportation {unknown}
 g - a scroll of immolation {unknown}
 h - a scroll of brand weapon {unknown}
 j - a scroll of vulnerability {unknown}
 l - 2 scrolls of identify {unknown}
 q - a scroll of fear {unknown}
Potions
 d - a potion of might
 e - a potion of curing
 i - a potion of invisibility {unknown}
 o - a potion of flight {unknown}


   Skills:
 - Level 3.6 Fighting
 + Level 8.4 Axes
 - Level 3.2 Armour
 - Level 3.2 Shields


You had 5 spell levels left.
You didn't know any spells.
Your spell library contained the following spells:

 Spells                   Type           Power      Damage    Failure   Level
 Sublimation of Blood     Necr           0%         N/A       87%         2
 Petrify                  Tmut/Erth      0%         N/A       100%        4
 Irradiate                Conj/Tmut      0%         3d13      100%        5


Dungeon Overview and Level Annotations

Branches:
Dungeon (4/15)
 Temple: D:4-7

Altars:

Shops:
D:1 [   D:2 *


Message History

You feel very sick.
The scorpion stings you but does no damage.
The iguana barely misses you.
You are too injured to fight recklessly!
You are too injured to fight recklessly!
You are too injured to fight recklessly!
You feel sick. The scorpion stings you. The scorpion stings you!
* * * LOW HITPOINT WARNING * * *
You feel sick.
You feel sick.
You feel sick.
It was a potion of curing.
You feel better. The iguana bites you.
You closely miss the iguana.
The iguana is lightly wounded.
The iguana bites you.
* * * LOW HITPOINT WARNING * * *
You barely miss the iguana.
The iguana is lightly wounded.
The iguana barely misses you.
The iguana hisses menacingly.
The iguana closely misses you.
You slash the iguana!
The iguana is heavily wounded.
The iguana closely misses you.
You hit the iguana.
The iguana is severely wounded.
The iguana bites you.
* * * LOW HITPOINT WARNING * * *
You slash the iguana!
You kill the iguana!
The scorpion stings you but does no damage.
You slash the scorpion!
The scorpion is heavily wounded.
The scorpion stings you!
* * * LOW HITPOINT WARNING * * *
You are lethally poisoned!
The scorpion poisons you!
You closely miss the scorpion.
The scorpion is heavily wounded.
You die...

##########.###
#.# ..# #.#
#.# #.# #.#
#.# #.# #.#
#.# #.# #.#
#.#######.##.#
#....@sZ.....#
#########.#..#
#.# .... #.#
.... #.# ..#
#/# ## #.# #.#


You could see a scorpion and a jackal skeleton.

Vanquished Creatures
  A scorpion (D:3)
  An iguana (D:4)
  3 adders
  7 gnolls (D:2)
  An adder skeleton (D:2)
  3 worms (D:2)
  5 orcs (D:3)
  7 ball pythons
  3 endoplasms
  4 giant cockroaches
  4 goblins
  6 hobgoblins
  10 jackals
  2 quokkas (D:3)
  6 bats
  4 frilled lizards
  8 kobolds
  3 rats (D:1)
78 creatures vanquished.

Vanquished Creatures (others)
  2 fungi (D:2)
  A plant (D:2)
3 creatures vanquished.

Grand Total: 81 creatures vanquished

Notes
Turn   | Place    | Note
-------+----------+-------------------------------------------
     0 | D:1      | Crownlay the Hill Orc Fighter began the quest for the Orb.
     0 | D:1      | Reached XP level 1. HP: 19/19 MP: 1/1
    35 | D:1      | Reached skill level 3 in Axes
   166 | D:1      | Reached XP level 2. HP: 24/26 MP: 2/2
   254 | D:1      | Reached skill level 4 in Axes
   312 | D:1      | Found Nusuwnol's Antique Armour Boutique.
   881 | D:1      | Reached XP level 3. HP: 29/31 MP: 3/3
  1035 | D:2      | Reached skill level 5 in Axes
  1225 | D:2      | Found Ricwionwu's General Store.
  1340 | D:2      | Reached XP level 4. HP: 37/39 MP: 4/4
  1598 | D:2      | Reached skill level 6 in Axes
  1608 | D:2      | Reached XP level 5. HP: 12/45 MP: 5/5
  2143 | D:2      | Reached skill level 7 in Axes
  2690 | D:2      | Found a faded altar of an unknown god.
  3087 | D:3      | Reached skill level 8 in Axes
  3087 | D:3      | Reached XP level 6. HP: 41/51 MP: 6/6
  3438 | D:4      | HP: 1/51 [scorpion (7)]
  3439 | D:4      | Succumbed to a scorpion's poison

Illustrated notes

Levels and vault maps discovered:
D:1:      wheals_arrival_shading, layout_loops_ring, serial_shops,
          nicolae_square_shop
D:2:      layout_basic, shapermc_ecumenical_altar_petra, serial_shops, shop,
          st_stairs_10, grunt_ministairs_6, kennysheep_flooded_box
D:3:      layout_rooms
D:4:      layout_loops_ring

Skill      XL: |  1  2  3  4  5 |
---------------+----------------+-----
Axes           | 3 4 5 6 8 |  8.4
Fighting       | |  3.6
Armour         | |  3.2
Shields        | |  3.2

Action                   |  1- 3 |  4- 6 || total
-------------------------+-------+-------++-------
Melee: War axe           |   107 |   143 ||   250
  Use: Potion            |       |     1 ||     1
Armor: Scale mail        |    56 |    80 ||   136
Dodge: Dodged            |    53 |    86 ||   139
Block: Kite shield       |    29 |       ||    29
